Cogmind - Beta 10.2 *** ADVENTURER MODE // 2022.03.11 @ 16:09:59 Player: WingedOwl Result: Self-destructed Performance ------------- Evolutions (2) 1000 Regions Visited (5) 1000 Robots Destroyed (18) 90 Value Destroyed (481) 481 Prototype IDs (1) 20 Alien Tech Used (0) 0 Bonus (357) 357 TOTAL SCORE: 2948 Bonus ------- Follower Combat Kills 74 Aligned with FarCom 300 Friendly Fire -17 Cogmind --------- Core Integrity 490/550 Matter 300/300 Energy 265/265 System Corruption 0% Temperature Cool (0) Movement Treading (240) Ox4 Location -8/Materials Parts ------- > --- POWER (1) -------- Improved Ion Engine > --- PROPULSION (3) --- Light Treads > --- UTILITY (4) ------ Improved Heat Sink Improved Heat Sink Humpback > --- WEAPON (3) ------- (None) > --- INVENTORY (24) --- Ion Engine Light Ion Engine Light Nuclear Core Heat Sink Improved Heat Sink Small Storage Unit High-capacity Battery (400) Transmission Jammer Medium Armor Plating Trap Reconfigurator Integration Mediator Mining Laser Peak State ------------ > --- POWER ------------ Improved Ion Engine > --- PROPULSION ------- Light Treads Light Treads > --- UTILITY ---------- Humpback Structural Scanner Trap Reconfigurator > --- WEAPON ----------- EM Pulse Gun Small Laser Particle Gun > --- INVENTORY -------- Ion Engine Light Ion Engine Light Nuclear Core Heat Sink Improved Heat Sink Small Storage Unit High-capacity Battery Medium Armor Plating Integration Mediator Particle Gun Light Assault Rifle Mining Laser Mining Laser [Rating: 22] Favorites ----------- Power Ion Engine Engine Ion Engine Propulsion Light Treads Treads Light Treads Utility Humpback Device Trap Reconfigurator Storage Humpback Weapon EM Pulse Gun Energy Gun EM Pulse Gun Ballistic Gun Light Assault Rifle Special Weapon Mining Laser Build | -11 -10 -10 -10 -9 -8 ------- Run | Scr Mat Min Exi Min Mat Slots Evolved 4 | . . . . . 4 Power . | . . . . . . Propulsion 1 | . . . . . 1 Utility 2 | . . . . . 2 Weapon 1 | . . . . . 1 Parts Attached 20 | 6 1 . 2 1 10 Power 2 | 1 . . . 1 . Engine 2 | 1 . . . 1 . Core . | . . . . . . Reactor . | . . . . . . Propulsion 2 | 2 . . . . . Treads 2 | 2 . . . . . Leg . | . . . . . . Wheel . | . . . . . . Hover . | . . . . . . Flight . | . . . . . . Utility 8 | 1 1 . 2 . 4 Device 5 | . . . 1 . 4 Storage 3 | 1 1 . 1 . . Processor . | . . . . . . Hackware . | . . . . . . Protection . | . . . . . . Artifact . | . . . . . . Weapon 8 | 2 . . . . 6 Energy Gun 6 | 2 . . . . 4 Energy Cannon . | . . . . . . Ballistic Gun 1 | . . . . . 1 Ballistic Cannon . | . . . . . . Launcher . | . . . . . . Special Weapon 1 | . . . . . 1 Impact Weapon . | . . . . . . Slashing Weapon . | . . . . . . Piercing Weapon . | . . . . . . Special Melee Weapon . | . . . . . . Unidentified Prototypes 1 | . . . 1 . . Parts Lost 9 | . . . . . 9 Power . | . . . . . . Propulsion 1 | . . . . . 1 Utility 1 | . . . . . 1 Weapon 7 | . . . . . 7 Highest Loss Streak 8 | . . . . . 8 Average Slot Usage (%) 87 | . 98 100 98 85 71 Engine 12 | . 14 14 14 14 9 Treads 25 | . 28 28 28 28 15 Device 4 | . . . 2 . 17 Storage 17 | . 26 28 24 14 9 Energy Gun 26 | . 28 28 28 28 19 Naked Turns . | . . . . . . Heaviest Build 95 | 13 29 29 89 91 95 Greatest Support 40 | 40 40 40 40 40 40 Greatest Overweight (x) 4 | . . . 2 2 4 Average Overweight (x) 1 | . . . . 2 2 Largest Inventory Capacity 24 | 6 12 12 24 24 24 Average Capacity 19 | 5 11 12 12 24 24 Most Carried 15 | 2 2 3 6 14 15 Average Carried 7 | . 2 2 3 8 12 Final Capacity 24 | 6 12 12 24 24 24 Final Carried 14 | 2 2 3 6 14 12 Class Distribution -------------------- 48% | Hauler-Mutant 37% | Mutant 13% | Hauler-Skirmisher Dominant Class ---------------- Mutant | -10/Materials Mutant | -10/Mines Mutant | -10/Exiles Hauler-Mutant | -9/Mines Hauler-Skirmisher | -8/Materials Resources | -11 -10 -10 -10 -9 -8 ----------- Run | Scr Mat Min Exi Min Mat Matter Collected 368 | 260 10 . . 30 68 Remotely . | . . . . . . Salvage Created 720 | 107 29 . . 360 224 Parts 42 | 6 3 . . 24 9 Haulers Intercepted . | . . . . . . Recyclers Shooed . | . . . . . . Parts Field Recycled . | . . . . . . Retrieved Matter . | . . . . . . Parts Self-Destructed . | . . . . . . Prevented . | . . . . . . Kills | -11 -10 -10 -10 -9 -8 ------- Run | Scr Mat Min Exi Min Mat Combat Hostiles Destroyed 14 | . . . . 10 4 Melee 2 | . . . . . 2 Guns 12 | . . . . 10 2 Classes Destroyed 7 | 2 1 . . 4 . Builder 1 | . . . . 1 . Tunneler 1 | 1 . . . . . Recycler 1 | 1 . . . . . Watcher 1 | . 1 . . . . Swarmer 5 | . . . . 5 . Grunt 8 | . . . . 4 4 Duelist 1 | . . . . 1 . Best Kill Streak 4 | 1 1 . . 4 1 Combat Bots Only 4 | . . . . 4 1 Max Kills in Single Turn 1 | 1 1 . . 1 1 Gunslinging . | . . . . . . Exploded . | . . . . . . Melee 1 | . . . . . 1 Uniques/NPCs Destroyed . | . . . . . . Combat | -11 -10 -10 -10 -9 -8 -------- Run | Scr Mat Min Exi Min Mat Damage Taken 1115 | . 8 . . 283 824 Core 101 | . . . . 41 60 Absorbed by Shields . | . . . . . . Core Remaining (%) 91 | 100 . . . 83 . Volleys Fired 56 | 5 1 . . 29 21 Largest 3 | 2 2 . . 2 3 Hottest 125 | 80 80 . . 80 125 Shots Fired 106 | 10 2 . . 58 36 Gun 106 | 10 2 . . 58 36 Cannon . | . . . . . . Launcher . | . . . . . . Special . | . . . . . . Kinetic 8 | . . . . . 8 Thermal 18 | . . . . . 18 Explosive . | . . . . . . Electromagnetic 80 | 10 2 . . 58 10 Robot Hit Streak 20 | 9 10 . . 10 20 Robot Miss Streak 3 | . . . . 3 1 Penetration Max . | . . . . . . Secondary Targets . | . . . . . . Shots Hit Robots 87 | 9 1 . . 43 34 Core Hits 39 | 2 1 . . 18 18 Critical Hits . | . . . . . . Critical Kills . | . . . . . . Critical Parts Destroyed . | . . . . . . Melee Attacks . | . . . . . . Impact . | . . . . . . Slashing . | . . . . . . Piercing . | . . . . . . Sneak Attacks . | . . . . . . Combat Hostiles . | . . . . . . Follow-up Attacks . | . . . . . . Damage Inflicted 1266 | 152 22 . . 621 471 Guns 1099 | 112 22 . . 543 422 Cannons . | . . . . . . Explosions 117 | 40 . . . 77 . Melee . | . . . . . . Ramming 50 | . . . . 1 49 Kinetic 61 | . . . . . 61 Thermal 356 | 40 . . . 77 239 Explosive . | . . . . . . Electromagnetic 799 | 112 22 . . 543 122 Impact . | . . . . . . Slashing . | . . . . . . Piercing . | . . . . . . Highest Corruption . | . . . . . . Average Corruption . | . . . . . . Corruption Purged . | . . . . . . Overload Shots . | . . . . . . Overflow Damage 7 | . . . . 7 . Projectiles . | . . . . . . Explosions 7 | . . . . 7 . Melee . | . . . . . . Knockbacks . | . . . . . . Impact . | . . . . . . Kinetic . | . . . . . . Secondary . | . . . . . . Self-Inflicted Damage . | . . . . . . Shots . | . . . . . . Rammed 11 | . . . . 1 10 Targets Rammed 11 | . . . . 1 10 Kicked . | . . . . . . Crushed . | . . . . . . Highest Temperature 327 | 74 18 . . 228 327 Average Temperature 88 | 42 12 . . 61 149 Received Heat Transfer 759 | . 6 . . 168 585 Effects 3 | . . . . . 3 Energy Bleed 1 | . . . . . 1 Interference 2 | . . . . . 2 Siege Activations . | . . . . . . Robots Corrupted . | . . . . . . Combat Hostiles . | . . . . . . Parts Fried 1 | . . . . 1 . Impact Corruptions . | . . . . . . Robots Melted . | . . . . . . Combat Hostiles . | . . . . . . Parts Melted 4 | . . . . 1 3 Heat Transferred 669 | . . . . 100 569 Parts Sabotaged . | . . . . . . Parts Stolen . | . . . . . . Parts Stripped . | . . . . . . Power Chain Reactions 2 | 1 . . . 1 . Missiles Intercepted . | . . . . . . Alert | -11 -10 -10 -10 -9 -8 ------- Run | Scr Mat Min Exi Min Mat Peak Influence 324 | 10 42 13 . 324 60 Initial 42 | . 5 13 . . 42 Average 55 | 4 21 13 . 75 36 Maximum Alert Level 1 | . . . . 1 . Low Security (%) 94 | 100 100 100 . 89 100 Level 1 5 | . . . . 10 . Level 2 . | . . . . . . Level 3 . | . . . . . . Level 4 . | . . . . . . Level 5 . | . . . . . . High Security . | . . . . . . Max Security . | . . . . . . Squads Dispatched 1 | . . . . . 1 Investigation . | . . . . . . Extermination . | . . . . . . Reinforcement 1 | . . . . . 1 Assault . | . . . . . . Garrison . | . . . . . . Intercept . | . . . . . . Construction Impeded . | . . . . . . Haulers Reinforced . | . . . . . . Stealth | -11 -10 -10 -10 -9 -8 --------- Run | Scr Mat Min Exi Min Mat Distress Signals . | . . . . . . Communications Jammed . | . . . . . . Distress Signals . | . . . . . . Times Spotted 27 | . 4 . . 18 5 Peak Tracking Total 4 | . 3 . . 3 4 Tactical Retreats 6 | . . . . 6 . Traps | -11 -10 -10 -10 -9 -8 ------- Run | Scr Mat Min Exi Min Mat Traps Triggered . | . . . . . . Indirectly . | . . . . . . Trap Hack Attempts . | . . . . . . Triggered . | . . . . . . Disarmed . | . . . . . . Reprogrammed . | . . . . . . Reused . | . . . . . . Traps Extracted . | . . . . . . Installed . | . . . . . . Triggered . | . . . . . . Machines | -11 -10 -10 -10 -9 -8 ---------- Run | Scr Mat Min Exi Min Mat Machines Disabled 1 | . . . . 1 . Max in Single Turn 1 | . . . . 1 . Machines Sabotaged . | . . . . . . Garrisons Compromised . | . . . . . . Overloaded Fab Kills . | . . . . . . Fab Network Shutdowns . | . . . . . . Hacking | -11 -10 -10 -10 -9 -8 --------- Run | Scr Mat Min Exi Min Mat Machines Accessed 6 | . 1 . 3 1 1 Terminals 2 | . . . . 1 1 Fabricators . | . . . . . . Repair Stations . | . . . . . . Recycling Units 1 | . 1 . . . . Scanalyzers . | . . . . . . Garrison Access . | . . . . . . Total Hacks 33 | . 1 . 26 2 4 Successful 31 | . 1 . 26 1 3 Failed 2 | . . . . 1 1 Catastrophic . | . . . . . . Database Lockouts . | . . . . . . Manual 10 | . 1 . 4 2 3 Terminals 6 | . . . . 2 4 Fabricators . | . . . . . . Repair Stations . | . . . . . . Recycling Units 1 | . 1 . . . . Scanalyzers . | . . . . . . Garrison Access . | . . . . . . Terminal Hacks 28 | . . . 26 1 1 Record 27 | . . . 26 1 . Zone Layout 1 | . . . . . 1 Fabricator Hacks . | . . . . . . Repair Station Hacks . | . . . . . . Recycling Unit Hacks . | . . . . . . Scanalyzer . | . . . . . . Garrison Access Hacks . | . . . . . . Unauthorized Hacks 3 | . 1 . . . 2 Terminals 2 | . . . . . 2 Track 1 | . . . . . 1 Botnet 1 | . . . . . 1 Fabricators . | . . . . . . Repair Stations . | . . . . . . Recycling Units 1 | . 1 . . . . Monitor 1 | . 1 . . . . Scanalyzers . | . . . . . . Garrison Access . | . . . . . . Data Cores Recovered . | . . . . . . Used . | . . . . . . Hacking Detections 1 | . . . . . 1 Full Trace Events . | . . . . . . Feedback Events . | . . . . . . Feedback Blocked . | . . . . . . Robot Schematics Acquired . | . . . . . . Robots Built . | . . . . . . Matter . | . . . . . . Time . | . . . . . . Total Robot Build Rating . | . . . . . . Part Schematics Acquired . | . . . . . . Parts Built . | . . . . . . Matter . | . . . . . . Time . | . . . . . . Total Part Build Rating . | . . . . . . Parts Repaired . | . . . . . . Time . | . . . . . . Parts Recycled . | . . . . . . Recycled Matter . | . . . . . . Retrieved Matter . | . . . . . . Retrieved Components . | . . . . . . Parts Scanalyzed . | . . . . . . Part Schematics Acquired . | . . . . . . Parts Damaged . | . . . . . . Bothacking | -11 -10 -10 -10 -9 -8 ------------ Run | Scr Mat Min Exi Min Mat Used RIF Installer . | . . . . . . Robots Hacked . | . . . . . . Non-combat . | . . . . . . Combat . | . . . . . . Robot Hacks Applied . | . . . . . . Relay Couplers Released . | . . . . . . Robots Rewired . | . . . . . . Allies Hacked . | . . . . . . Hacks Repelled . | . . . . . . Allies | -11 -10 -10 -10 -9 -8 -------- Run | Scr Mat Min Exi Min Mat Total Allies 3 | . . . . 3 . Largest Group 3 | . . . . 3 . Highest-Rated Group 40 | . . . . 40 . Highest-Rated Ally 16 | . . . . 16 . Total Orders 1 | . . . . 1 . GUARD 1 | . . . . 1 . Ally Attacks 28 | . . . . 28 . Total Damage 269 | . . . . 269 . Kills 4 | . . . . 4 . Allies Corrupted . | . . . . . . Allies Melted . | . . . . . . Intel | -11 -10 -10 -10 -9 -8 ------- Run | Scr Mat Min Exi Min Mat Robot Analysis Total . | . . . . . . Derelict Logs Recovered 1 | . . . . 1 . Drone Launches . | . . . . . . Drone Recoveries . | . . . . . . Exploration | -11 -10 -10 -10 -9 -8 ------------- Run | Scr Mat Min Exi Min Mat Turns Passed 3330 | 88 159 93 975 1362 653 Spaces Moved 1632 | 42 97 58 598 633 204 Core 4 | 4 . . . . . Treads 1628 | 38 97 58 598 633 204 Legs . | . . . . . . Wheels . | . . . . . . Hover . | . . . . . . Flight . | . . . . . . Fastest Speed 50 | 50 160 160 160 200 200 Average Speed 181 | 149 160 160 162 200 205 Slowest Speed 240 | 160 160 160 200 200 240 Overloaded Moves . | . . . . . . Propulsion Burnouts . | . . . . . . Robots Hopped . | . . . . . . Cave-ins Triggered . | . . . . . . Exploration Rate (%) 37 | 4 19 12 92 91 9 Regions Visited 5 Branch Regions 3 Pre-discovered Areas . | . . . . . . Known Exits Taken . | . . . . . . Unknown Exits Taken 5 | 1 1 1 1 1 . Scrap Searched 3 | . . 1 . 2 . Spaces Dug . | . . . . . . Terrain Destroyed 12 | 5 . . . 7 . Melee . | . . . . . . Projectile . | . . . . . . AOE 12 | 5 . . . 7 . Terrain Rammed . | . . . . . . Walls Destroyed . | . . . . . . Machines Disabled . | . . . . . . Actions | -11 -10 -10 -10 -9 -8 --------- Run | Scr Mat Min Exi Min Mat Total 1876 | 54 98 58 604 670 392 Wait 143 | . . . . . 143 Move 1627 | 41 96 57 597 632 204 Hop . | . . . . . . Pick Up 16 | 2 . 1 2 7 4 Fast Attach 11 | 6 1 . 2 . 2 Attach 6 | . . . . . 6 Detach 2 | . . . 2 . . Swap 3 | . . . . 1 2 Drop 1 | . . . 1 . . Fire 56 | 5 1 . . 29 21 Melee . | . . . . . . Ram . | . . . . . . Kick . | . . . . . . Crush 11 | . . . . 1 10 Escape Stasis . | . . . . . . Rewire . | . . . . . . Trap . | . . . . . . Miscellaneous . | . . . . . . Route ------- -11/Scrapyard -10/Materials -10/Mines -10/Exiles (discovered 2 exits: *Min x2) -9/Mines -8/Materials (discovered 2 exits: Fac x2) History --------- Turn | Location | Event 8 | -11/Scrapyard | Discovered new exit (range 16) 89 | -11/Scrapyard | Entered Materials 217 | -10/Materials | Discovered new exit (range 6) 248 | -10/Materials | Entered Mines 261 | -10/Mines | Met a Derelict bent on vengeance 316 | -10/Mines | Build established: Mutant 329 | -10/Mines | Deemed a non-threat by the Exiles lab entrance 331 | -10/Mines | Discovered new exit (range 5) 341 | -10/Mines | Entered Exiles 370 | -10/Exiles | Discovered new exit (range 15) 405 | -10/Exiles | Met 8R-AWN 434 | -10/Exiles | Met EX-HEX 521 | -10/Exiles | Met EX-DEC 560 | -10/Exiles | Visited The Gauntlet 761 | -10/Exiles | Met EX-BIN 1029 | -10/Exiles | Aligned with FarCom system 1031 | -10/Exiles | Given EX-Vault access code 1073 | -10/Exiles | Opened EX-Vault 1083 | -10/Exiles | Found Prototype Device 1083 | -10/Exiles | Identified Trap Reconfigurator 1118 | -10/Exiles | Warned to stay clear of 0b10 Research branches 1294 | -10/Exiles | Discovered new exit (range 12) 1316 | -10/Exiles | Left Exiles lab with Trap Reconfigurator 1316 | -10/Exiles | Entered Mines 1553 | -9/Mines | Build established: Hauler-Mutant 1790 | -9/Mines | Learned location of 2 exits from Materials 1878 | -9/Mines | Assisted by bots powering up and referring to "LRC-V3" 2652 | -9/Mines | Discovered new exit (range 9) 2678 | -9/Mines | Entered Materials 2678 | -8/Materials | Evolved 4 slots: Propulsion x1, Utility x2, Weapon x1 2679 | -8/Materials | Identified exit to Factory 2984 | -8/Materials | Build established: Hauler-Skirmisher 3234 | -8/Materials | Lost 8 parts (1n1u6w) 3331 | -8/Materials | Self-destructed Last Messages --------------- 03180_ Overheating: Energy bleed (-31). 03183_ Structural Scanner destroyed. 03184_ Overheating: System interference. 03184_ Particle Gun temporarily disabled. 03184_ Imp. Heat Sink temporarily disabled. 03185_ Lgt. Treads destroyed. 03187_ Acquired 18 matter. 03190_ Particle Gun destroyed. 03203_ Sml. Laser destroyed. 03206_ Slammed into G-47 Trooper. 03206_ Particle Gun melted. 03206_ G-47 Trooper destroyed. 03207_ Acquired 5 matter. 03211_ Slammed into G-47 Trooper. 03232_ G-47 Trooper destroyed. 03237_ Acquired Imp. Heat Sink. 03239_ Acquired 2 matter. 03248_ Acquired 4 matter. 03323_ R-06 Scavenger collects Aluminum Leg. 03327_ R-06 Scavenger collects Lgt. Nuclear Core. Map ----- +----------------------------------------------------+ | ?????????????????????????????????????????????????? | | ?????????????????????????????????????????????????? | | ?????????????????????????????????????????????????? | | ?????????????????????????????????????????????????? | | ?????????????????????????????????????????????????? | | ?????????????????????????????????????????????????? | | ?????????????????????????????????????????????????? | | ?????????????????????????????????????????????????? | | ""# #?# #????# ####??????????????????? | | T"# #######+########## ??????????????????? | | ""# gg ??????????????????? | | + g Y ??????????????????? | | """ # ??????????????????? | | """ #########+############ ??????????????????? | | """ #??# * ###Y#### #??????????????????? | | #??# # # ??????????????????? | | #####??# # # ?????????????????? | | ???????# # + ?????????????????? | | ???????# # # ?????????????????? | | ???????# # # ??????????????????? | | ???????# # "T" # ??????????????????? | | ???????#########+########## #??#########???????? | | ?????????????# !% %% # #??# #???????? | | ?????????????# T r% # #??#"S #???????? | | ?????????????# *! !%""" # #??#""" = #???????? | | ?????????????# !% %% """"@# #??# ""== #???????? | | ?????????????# ! # #??# % #???????? | | ?????????????########+##### #######+####???????? | | ???????????????????# #???????? | | ???????????????????# #???????? | | ???????????????????# o #???????? | | ???????????????????###########+###########???????? | | ???????????????????????# #???????????? | | ???????????????????????# #???????????? | | ???????????????????????# """ """ """ #???????????? | | ???????????????????????# """ """ """ #???????????? | | ???????????????????????# """ """ """ #???????????? | | ???????????????????????# #???????????? | | ???????????????????????###############???????????? | | | | | | | | | | | | | | | | | | | | | | | +----------------------------------------------------+ Best States ------------- Heat Dissipation 45 Energy Generation 12 Energy Capacity 265 Matter Stores 300 Matter Capacity 300 Sight Range 16 Terrain Scan Density 10 Resistance: KI 20 Resistance: TH 20 Resistance: EX 20 Resistance: EM 20 Resistance: I 20 Resistance: S 20 Resistance: P 20 Evasion (%) 40 Recoil Reduction 2 Offensive Hacking 10 Item Schematics ----------------- None Robot Schematics ------------------ None Fabricated ------------ Nothing Alien Tech Used ----------------- None Achievements -------------- None Challenges ------------ None Game ------ Seed DirtyFieldWheel Manual? 0 Play Time 00:19:58 Cumulative 142.5 hours Start 2021.09.20 @ 21:40:57 End 2022.03.11 @ 16:09:59 Sessions 6 Manual Loads 0 Difficulty Adventurer Special Mode None Game No. 177 Rogue 152 Adventurer 25 Explorer 0 Win Type - Total 0 Types 0/0/0/0/0/0/0/0/0 Lore% 57 Gallery% 66 Achievement% 44 Wizard Run 0 Options --------- ASCII 0 Keyboard 1 Movement Arrows Keybinds 0 Fullscreen 1 Font 24/Smallcaps Map View 76x50 Tactical HUD 1 Map Filters NONE Filters NONE Steam 1 RUN: 13fa3878-5b0d-4020-b67d-c7638493f401